 Dungeon Crawl Stone Soup version 0.32-a0-411-g744942f433 (webtiles) character file.

Game seed: 3991246657758228859

4640 jasper the Cleaver (level 10, -7/124 HPs)
             Began as a Coglin Berserker on Feb 19, 2024.
             Was a Priest of Trog.
             Shot with an arrow by a centaur warrior (12 damage)
             ... on level 8 of the Dungeon on Feb 20, 2024.
             The game lasted 00:12:58 (5800 turns).

jasper the Cleaver (Coglin Berserker)               Turns: 5800, Time: 00:12:58

Health: -7/124     AC: 14    Str: 21    XL:     10   Next: 43%
Magic:  10/10      EV: 10    Int:  6    God:    Trog [***...]
Gold:   370        SH:  0    Dex: 18    Spells: 9/9 levels left

rFire   . . .        C - +0 war axe {Hana}
rCold   . . .        y - +0 war axe {Aida}
rNeg    . . .        g - +2 scale mail of Discretion {*Slow Dex+3 Slay+2}
rPois   .            q - +2 hat
rElec   .            (no cloak)
rCorr   +            (no gloves)
SInv    .            (no boots)
Will    ++...        (no amulet) Stlth
                     s - +4 ring of protection
HPRegen 1.40/turn    A - ring of resist corrosion
MPRegen 0.12/turn

%: slow self (1%)
@: berserking, strong-willed, immotile, regenerating, revved, very quick
A: off-hand wielding, slow wielding, warmup strikes, legs shutdown
a: Renounce Religion, Berserk, Trog's Hand


You were on level 8 of the Dungeon.
You worshipped Trog.
Trog was most pleased with you.
You visited 1 branch of the dungeon, and saw 8 of its levels.

You collected 370 gold pieces.

Inventory:

Hand Weapons
 e - a +0 whip {Udjahorresnet}
 n - a +0 flail
 x - a +0 hand axe {Jim}
 y - a +0 war axe (offhand) {Aida}
 C - a +0 war axe (weapon) {Hana}
Missiles
 p - 58 stones (quivered)
 t - 4 darts of dispersal
 u - 16 poisoned darts
 z - a throwing net
Armour
 b - a +0 animal skin
 f - a +0 plate armour
 g - the +2 scale mail of Discretion (worn) {*Slow Dex+3 Slay+2}
   (You found it on level 2 of the Dungeon)

   Dex+3:     It affects your dexterity (+3).
   Slay+2:    It affects your accuracy & damage with ranged weapons and melee
   (+2).
   *Slow:     It may slow you when you take damage.
 o - +0 fire dragon scales
 q - a +2 hat (worn)
 G - a +8 chain mail of ponderousness
Jewellery
 s - a +4 ring of protection (left grasper)
 A - a ring of resist corrosion (right grasper)
 D - a +6 ring of dexterity
Wands
 B - a wand of paralysis (17)
Scrolls
 c - a scroll of blinking
 i - 2 scrolls of revelation
 k - 2 scrolls of poison
 E - a scroll of fear
Potions
 d - 2 potions of brilliance
 j - a potion of enlightenment
 l - 2 potions of haste
 m - 3 potions of lignification
 r - a potion of berserk rage
 v - 2 potions of invisibility {unknown}
 w - a potion of heal wounds {unknown}
 H - a potion of might {unknown}
 J - 2 potions of magic {unknown}


   Skills:
 + Level 9.1 Fighting
 * Level 12.6 Axes
 - Level 1.7 Armour
 - Level 1.7 Dodging


You had 9 spell levels left.
You didn't know any spells.
Your spell library was empty.

Dungeon Overview and Level Annotations

Branches:
Dungeon (8/15)             Temple (0/1) D:7
   Lair: D:8-11

Altars:
Makhleb
Wu Jian
Zin


Innate Abilities, Weirdness & Mutations

You can wield a second weapon in your off-hand.
It takes a long time for you to wield or remove held weapons.
Your first few attacks do less damage.
Attacking and casting redirects power from your legs.


Message History

The two-headed ogre misses you.
You take 4 damage, and have 25/123 hp.
You cannot move.
You cannot move.
You slash the two-headed ogre with your +0 war axe!
The two-headed ogre is severely wounded.
You hit something with your +0 war axe.
You slice the two-headed ogre with your +0 war axe!!
You feel the power of Trog in you as your rage grows.
You kill the two-headed ogre!
Trog accepts your kill.
You hit something with your +0 war axe.
Your black bear bites the cyclops.
Your black bear claws the cyclops.
Your black bear barely misses the cyclops.
The centaur warrior wields a +0 shortbow.
The centaur warrior shoots an arrow.
The arrow hits you!
* * * LOW HITPOINT WARNING * * *
The cyclops throws a large rock.
Reactivating autopickup.
You feel a bit more experienced.
Your Fighting skill increases to level 9!
You take 8 damage, and have 17/124 hp.
You swing at nothing.
Your black bear bites the cyclops!
Your black bear claws the cyclops.
Your black bear claws the cyclops but does no damage.
The centaur warrior shoots an arrow.
The arrow hits you!
* * * LOW HITPOINT WARNING * * *
You take 14 damage, and have 3/124 hp.
You slice the boulder beetle with your +0 war axe!!
The boulder beetle is moderately wounded.
You slash the boulder beetle with your +0 war axe!
Your black bear barely misses the cyclops.
Your black bear claws the cyclops.
Your black bear claws the cyclops but does no damage.
You hit the boulder beetle with your +0 war axe.
The boulder beetle is heavily wounded.
You hit the boulder beetle with your +0 war axe.
Your black bear stops moving altogether!
The centaur warrior shoots an arrow.
The arrow hits you!
You die...

..# # ##+#.# %# #|
#....## ##. . # .
#..... ..#. .#..
#....# ... #..
#....# #.# .5.
#..#.##.###h###c#
#..'..##..!CB.)#
#..##..##.#.#@##
#..##...###.###..#
#..##.............#
#...#..........#.C.
#..#####.......#
#..#...........#
#..#...........#
#..'...........+
#..#...........#


You could see a boulder beetle, a centaur warrior, a cyclops (distracted, ally
target), a shadow imp and a friendly black bear (summoned, berserk, petrified).

Vanquished Creatures
  A two-headed ogre (D:8)
  A cyclops (D:8)
  Joseph (D:7)
  Grinder (D:3)
  A slime creature (D:8)
  A wyvern (D:7)
  5 yaks (D:6)
  A water moccasin (D:7)
  An ice beast (D:6)
  An orc warrior (D:7)
  A sky beast (D:7)
  A black bear (D:5)
  An ogre (D:7)
  A phantom (D:5)
  A centaur (D:5)
  4 scorpions
  5 wights
  2 jellies
  3 hounds
  An orc priest (D:5)
  A sleepcap (D:6)
  4 iguanas
  3 orc wizards
  3 gnolls (D:3)
  6 adders
  A white imp (D:6)
  4 ufetubi (D:5)
  3 dart slugs
  12 orcs
  6 bats
  6 endoplasms
  3 giant cockroaches
  9 goblins
  10 hobgoblins
  2 quokkas (D:4)
  3 ball pythons (D:1)
  4 frilled lizards
  9 kobolds
  23 rats
146 creatures vanquished.

Vanquished Creatures (collateral kills)
  A basilisk (D:8)
1 creature vanquished.

Vanquished Creatures (others)
  A vampire (D:8)
1 creature vanquished.

Grand Total: 148 creatures vanquished

Notes
Turn   | Place    | Note
-------+----------+-------------------------------------------
     0 | D:1      | jasper the Coglin Berserker began the quest for the Orb.
     0 | D:1      | Reached XP level 1. HP: 18/18 MP: 1/1
   250 | D:1      | Reached XP level 2. HP: 24/24 MP: 2/2
   457 | D:1      | Reached skill level 4 in Axes
   531 | D:1      | Reached XP level 3. HP: 23/29 MP: 3/3
  1061 | D:2      | Identified the +2 scale mail of Discretion {*Slow Dex+3
                  | Slay+2}
  1141 | D:2      | Reached ** piety under Trog
  1317 | D:2      | Reached XP level 4. HP: 35/35 MP: 4/4
  1927 | D:3      | Reached skill level 5 in Axes
  1949 | D:3      | Found an ornate altar of the Wu Jian Council.
  2027 | D:3      | Reached XP level 5. HP: 41/41 MP: 5/5
  2088 | D:3      | Noticed Grinder
  2110 | D:3      | Paralysed by Grinder for 4 turns
  2115 | D:3      | Killed Grinder
  2116 | D:3      | Reached skill level 6 in Axes
  2116 | D:3      | Reached XP level 6. HP: 48/49 MP: 6/6
  2781 | D:4      | Reached XP level 7. HP: 55/55 MP: 7/7
  2814 | D:4      | Reached *** piety under Trog
  3098 | D:5      | Entered Level 5 of the Dungeon
  3118 | D:4      | Reached skill level 7 in Axes
  3141 | D:5      | Reached skill level 5 in Fighting
  3351 | D:5      | Reached skill level 8 in Axes
  3351 | D:5      | Reached XP level 8. HP: 59/63 MP: 8/8
  3952 | D:6      | Noticed a yak
  3952 | D:6      | Noticed a yak
  3955 | D:6      | Noticed a yak
  3958 | D:6      | Noticed a yak
  3960 | D:6      | Noticed a yak
  3964 | D:6      | Killed a yak
  3966 | D:6      | Killed a yak
  3967 | D:6      | Reached skill level 9 in Axes
  3967 | D:6      | Killed a yak
  3971 | D:6      | Killed a yak
  3972 | D:6      | Reached XP level 9. HP: 71/71 MP: 9/9
  3976 | D:6      | Reached skill level 10 in Axes
  4177 | D:6      | Found a burning altar of Makhleb.
  4416 | D:7      | Found a glowing silver altar of Zin.
  4495 | D:7      | Reached **** piety under Trog
  4734 | D:7      | Upgraded the game from 0.32-a0-391-gce5c0aab1b to
                  | 0.32-a0-411-g744942f433
  4865 | D:7      | Found a staircase to the Ecumenical Temple.
  5056 | D:7      | Reached skill level 11 in Axes
  5450 | D:7      | Noticed Joseph
  5456 | D:7      | Killed Joseph
  5745 | D:8      | Reached XP level 10. HP: 82/82 MP: 10/10
  5772 | D:8      | Noticed a cyclops
  5779 | D:8      | Noticed a boulder beetle
  5783 | D:8      | Noticed a cyclops
  5784 | D:8      | Noticed a two-headed ogre
  5788 | D:8      | Noticed a centaur warrior
  5795 | D:8      | Reached skill level 12 in Axes
  5795 | D:8      | Killed a cyclops
  5797 | D:8      | Killed a two-headed ogre
  5798 | D:8      | HP: 3/124 [centaur warrior/arrow (14)]
  5800 | D:8      | Shot with an arrow by a centaur warrior

Illustrated notes

Levels and vault maps discovered:
D:1:      mrwooster_arrival_statue_3, layout_loops_corners,
          kennysheep_nondescript
D:2:      layout_basic, kennysheep_minor_cross
D:3:      layout_rooms, nicolae_wu_jian_wuxing_cycle, uniq_grinder
D:4:      layout_gridville, minmay_rat_hole
D:5:      layout_rooms
D:6:      layout_rooms, mainiacjoe_overflow_alcove_2
D:7:      layout_basic, mainiacjoe_overflow_alcove_1, temple_statues,
          uniq_joseph
D:8:      minmay_the_grid_octo_triangle [minmay_the_grid_octo_77,
          minmay_the_grid_octo_prize_square_snowflake,
          minmay_the_grid_octo_fan_narrow], layout_gridville, lair_entry_dummy,
          lightli_bailey_entry_fortress

Skill      XL: |  1  2  3  4  5  6  7  8  9 10 |
---------------+-------------------------------+-----
Axes           | 4 5 6 8 9 11 12 | 12.6
Fighting       | 4 5 6 8 9 |  9.1
Armour         | |  1.7
Dodging        | |  1.7

Action                     |  1- 3 |  4- 6 |  7- 9 | 10-12 || total
---------------------------+-------+-------+-------+-------++-------
  Melee: Hand axe          |    76 |    57 |   132 |       ||   265
         Whip              |    31 |    62 |    34 |       ||   127
         War axe           |       |       |   131 |    29 ||   160
  Throw: Stone             |     2 |    11 |     1 |       ||    14
         Boomerang         |       |       |    34 |       ||    34
 Invoke: Trog's Hand       |       |     1 |       |     1 ||     2
         Berserk           |       |       |     2 |     1 ||     3
         Brothers in Arms  |       |       |       |     1 ||     1
    Use: Scroll            |       |     9 |     6 |       ||    15
         Potion            |       |       |       |     1 ||     1
 Armour: Animal skin       |    31 |       |       |       ||    31
         Scale mail        |     9 |    32 |   139 |    21 ||   201
         Plate armour      |     2 |       |       |       ||     2
  Dodge: Dodged            |    48 |    26 |    66 |     7 ||   147

Table legend: (Time is in decaauts)
 A = Elapsed time spent in this place.
 B = Non-inter-level travel time spent in this place.
 C = Inter-level travel time spent in this place.
 D = Time resting spent in this place.
 E = Time spent auto-exploring this place.
 F = Levels seen in this place.
 G = Mean time per level.
                   A        B        C        D        E       F      G
               +--------+--------+--------+--------+--------+-----+--------+
         Total |   6028 |   5925 |    103 |    446 |   4256 |   8 |  753.5 |
       Dungeon |   6028 |   5925 |    103 |    446 |   4256 |   8 |  753.5 |
               +--------+--------+--------+--------+--------+-----+--------+

Top non-repeatable levels by time:
     D:7: 1391 daAuts
     D:1: 1103 daAuts
     D:2: 904 daAuts
     D:4: 698 daAuts
     D:5: 692 daAuts
     D:6: 607 daAuts
     D:3: 569 daAuts
     D:8: 61 daAuts
